Avalanche vs Canucks
Created - March 4, 2018 at 21:35
Goals
|
| Avalanche |
0 |
1 |
0 |
1 |
| Canucks |
2 |
0 |
0 |
2 |
|
Shots
|
| Avalanche |
15 |
9 |
8 |
32 |
| Canucks |
17 |
11 |
7 |
35 |
|
1st period
1. Canucks , Brad Boyes 40 (Clarke MacArthur 29, Ben Lovejoy 27) at 15:14
2. Canucks , Mike Ribeiro 24 (Brad Boyes 35, Clarke MacArthur 30) at 15:59 (PP)
Penalties :
Paul Stastny (Col) for Roughing (Minor) at 2:04, Corey Perry (Col) for Tripping (Minor) at 12:15, Andrei Kostitsyn (Col) for Holding (Minor) at 15:51
2nd period
3. Avalanche , Andrew Ladd 10 (Jay Bouwmeester 21, Pernell Karl Subban 16) at 0:22
Penalties :
Bryan Little (Col) for Boarding (Minor) at 0:42, Kyle Turris (Col) for Holding (Minor) at 6:22, Brad Boyes (Van) for Roughing (Minor) at 9:50
3rd period
No Goal
Penalties :
Chris Drury (Col) for Holding (Minor) at 18:19
Goalie Stats
Semyon Varlamov (Col), 33 saves from 35 shots - (0.943), L, 28-17-4, 60:00 minutes
Michal Neuvirth (Van), 31 saves from 32 shots - (0.969), W, 37-9-3, 60:00 minutes
Players Stats for Avalanche
Player Name G A P +/- PIM S H SB GA TA FO MP PP MP PK MP
------------------------------------------------------------------------------------
Alexander Radulov 0 0 0 0 0 3 0 0 0 0 0/0 12:42 0:51 0:37
Andrei Kostitsyn 0 0 0 0 2 1 1 0 0 1 0/0 14:33 0:51 0:17
Andrew Ladd 1 0 1 0 0 3 1 0 0 0 4/10 18:55 0:00 6:08
Brandon Yip 0 0 0 0 0 1 2 0 0 1 0/0 13:50 0:00 0:00
Bryan Little 0 0 0 0 2 1 1 0 1 0 6/13 14:05 1:08 0:00
Chris Drury 0 0 0 0 2 4 0 0 0 1 10/20 15:02 0:00 2:51
Chuck Kobasew 0 0 0 0 0 2 0 1 0 2 1/2 15:59 0:00 6:08
Corey Perry 0 0 0 0 2 2 1 0 1 0 0/2 14:00 1:08 0:00
Jack Johnson 0 0 0 -1 0 2 4 0 0 2 0/0 21:04 1:20 3:38
Jay Bouwmeester 0 1 1 1 0 1 0 1 1 1 0/0 19:02 1:20 0:00
Johnny Boychuk 0 0 0 0 0 2 1 3 0 1 0/0 15:46 0:00 3:38
Kyle Turris 0 0 0 0 2 0 0 0 0 0 2/6 9:58 0:00 0:08
Marc Staal 0 0 0 -1 0 2 2 2 0 1 0/0 25:12 0:39 6:06
Mark Giordano 0 0 0 0 0 0 0 0 0 1 0/0 11:58 0:00 0:00
Mikkel Boedker 0 0 0 0 0 2 0 0 0 0 0/1 13:56 1:08 0:00
Paul Stastny 0 0 0 0 2 6 0 0 0 0 6/19 14:35 0:51 0:00
Pernell Karl Subban 0 1 1 1 0 0 3 0 1 1 0/0 26:58 0:39 6:06
Ryan Smyth 0 0 0 0 0 0 2 0 0 0 0/0 12:35 0:00 3:19
Players Stats for Canucks
Player Name G A P +/- PIM S H SB GA TA FO MP PP MP PK MP
------------------------------------------------------------------------------------
Alex Goligoski 0 0 0 0 0 5 1 2 1 1 0/0 30:36 7:49 0:00
Ben Lovejoy 0 1 1 0 0 1 1 2 0 0 0/0 18:52 3:05 1:26
Brad Boyes 1 1 2 0 2 1 1 0 1 0 1/6 23:55 5:12 0:00
Chris Higgins 0 0 0 0 0 4 1 0 1 0 0/0 17:18 4:32 1:08
Clarke MacArthur 0 2 2 0 0 5 1 0 1 0 3/6 24:35 5:12 0:39
Darren Helm 0 0 0 0 0 0 1 0 0 0 0/0 7:32 0:00 0:39
Jamie McBain 0 0 0 0 0 4 2 2 0 1 0/0 31:17 7:42 1:26
Jiri Hudler 0 0 0 0 0 0 2 0 0 0 0/0 16:10 4:32 0:00
Jonathan Blum 0 0 0 0 0 1 0 0 1 0 0/0 15:34 0:42 0:00
Martins Karsums 0 0 0 0 0 1 0 0 0 0 0/0 11:02 0:00 0:00
Matt Stajan 0 0 0 0 0 3 0 0 3 1 4/8 11:21 0:00 0:12
Maxim Lapierre 0 0 0 0 0 2 1 1 1 0 2/4 11:02 0:00 0:00
Mike Ribeiro 1 0 1 0 0 3 2 1 0 0 31/45 25:04 5:12 1:08
Nik Antropov 0 0 0 0 0 1 1 1 2 0 3/3 11:54 4:32 0:00
Noah Welch 0 0 0 0 0 0 0 1 0 0 0/0 11:54 0:10 0:33
Ryan Hollweg 0 0 0 0 0 1 2 0 1 0 0/1 11:14 0:00 0:12
Sami Lepisto 0 0 0 0 0 1 0 2 0 1 0/0 11:47 0:00 0:33
Stefan Ruzicka 0 0 0 0 0 2 1 0 0 0 0/0 6:53 0:00 0:00
3 Stars
1 - Michal Neuvirth (Van)
2 - Semyon Varlamov (Col)
3 - Mike Ribeiro (Van)
Power Play
Avalanche - 0 on 1 Attempt(s) - 0.00%
Canucks - 1 on 6 Attempt(s) - 16.67%
Penalty Kill
Avalanche - 5 on 6 Attempt(s) - 83.33%
- Score 0 goal in Penalty Kill
Canucks - 1 on 1 Attempt(s) - 100.00%
- Score 0 goal in Penalty Kill
Team Stat
Avalanche - Hits : 18 - Faceoff Wins : 29 - Blocked Shots : 7 - Penalty Minutes : 12
Canucks - Hits : 17 - Faceoff Wins : 44 - Blocked Shots : 12 - Penalty Minutes : 2
Official
Referees : McCauley Wes and Walsh Ian
Linesman : Jay Sharrers and Jean Morin
Game Notes
Noah Welch is injured at 13:29 of 3rd period (Sprained Left Knee)
18:07 of 3rd period - Avalanche goal is going for a video replay. After video review, No Goal. The attacking player has interfered with a goalkeeper in his goal crease.
Finance
Level 1 -- Attendance: 6000 (100.00%) -- Ticket Income $540,000
Level 2 -- Attendance: 5000 (100.00%) -- Ticket Income $265,000
Level 3 -- Attendance: 1844 (92.20%) -- Ticket Income $62,696
Level 4 -- Attendance: 4000 (100.00%) -- Ticket Income $84,000
Luxury Box -- Attendance: 1000 (100.00%) -- Ticket Income $104,000
Game was played at the Budweiser Coliseum.
Total Attendance: 17844 (99.13%)
Total Ticket Income: $1,055,696
Other Income: $158,354
Total Income: $1,214,050
Avalanche
5 vs 5 Forward
Center Left Wing Right Wing Time % Phy DF OF
1 Bryan Little Mikkel Boedker Corey Perry 30 1 2 2
2 Paul Stastny Andrei Kostitsyn Brandon Yip 30 1 2 2
3 Chris Drury Andrew Ladd Alexander Radulov 25 1 2 2
4 Kyle Turris Ryan Smyth Chuck Kobasew 15 1 2 2
5 vs 5 Defense
Defense Defense Time % Phy DF OF
1 Jack Johnson Marc Staal 40 1 2 2
2 Pernell Karl Subban Jay Bouwmeester 40 1 2 2
3 Mark Giordano Johnny Boychuk 20 1 2 2
4 Jack Johnson Marc Staal 0 1 2 2
PowerPlay Forward
Center Left Wing Right Wing Time % Phy DF OF
1 Bryan Little Mikkel Boedker Corey Perry 60 1 2 2
2 Paul Stastny Andrei Kostitsyn Alexander Radulov 40 1 2 2
PowerPlay Defense
Defense Defense Time % Phy DF OF
1 Jack Johnson Jay Bouwmeester 60 1 2 2
2 Pernell Karl Subban Marc Staal 40 1 2 2
Penalty Kill 4 Players Forward
Center Wing Time % Phy DF OF
1 Andrew Ladd Chuck Kobasew 60 1 2 2
2 Chris Drury Ryan Smyth 40 1 2 2
Penalty Kill 4 Players Defense
Defense Defense Time % Phy DF OF
1 Pernell Karl Subban Marc Staal 60 1 2 2
2 Jack Johnson Johnny Boychuk 40 1 2 2
Penalty Kill - 3 Players Forward
Forward Time % Phy DF OF
1 Chuck Kobasew 60 1 2 2
2 Ryan Smyth 40 1 2 2
Penalty Kill - 3 Players Defense
Defense Defense Time % Phy DF OF
1 Jack Johnson Marc Staal 60 1 2 2
2 Pernell Karl Subban Johnny Boychuk 40 1 2 2
4 vs 4 Forward
Center Wing Time % Phy DF OF
1 Bryan Little Corey Perry 60 1 2 2
2 Mikkel Boedker Andrei Kostitsyn 40 1 2 2
4 vs 4 Defense
Defense Defense Time % Phy DF OF
1 Jack Johnson Marc Staal 60 1 2 2
2 Pernell Karl Subban Jay Bouwmeester 40 1 2 2
Last Minutes Offensive
Center Left Wing Right Wing Defense Defense
Bryan Little Mikkel Boedker Corey Perry Jack Johnson Marc Staal
Last Minutes Defensive
Center Left Wing Right Wing Defense Defense
Brandon Yip Andrew Ladd Chuck Kobasew Jack Johnson Marc Staal
Goaltenders
Starting : Semyon Varlamov
Backup : Hannu Toivonen
Extra Forwards
Normal : Andrei Kostitsyn, Andrew Ladd, Alexander Radulov - PP : Paul Stastny, Andrew Ladd - PK : Alexander Radulov
Extra Defensemen
Normal : Mark Giordano, Johnny Boychuk, Pernell Karl Subban - PP : Mark Giordano - PK : Johnny Boychuk, Pernell Karl Subban
Penalty Shots
Bryan Little, Corey Perry, Mikkel Boedker, Andrei Kostitsyn, Paul Stastny
Scratches
Mike Comrie (Right Hip Injury)
Canucks
5 vs 5 Forward
Center Left Wing Right Wing Time % Phy DF OF
1 Mike Ribeiro Clarke MacArthur Brad Boyes 60 0 0 5
2 Matt Stajan Chris Higgins Jiri Hudler 22 0 0 5
3 Maxim Lapierre Ryan Hollweg Martins Karsums 14 0 2 3
4 Nik Antropov Darren Helm Stefan Ruzicka 4 0 3 2
5 vs 5 Defense
Defense Defense Time % Phy DF OF
1 Jamie McBain Alex Goligoski 62 0 0 5
2 Ben Lovejoy Jonathan Blum 20 0 0 5
3 Noah Welch Sami Lepisto 12 0 3 2
4 Jamie McBain Alex Goligoski 6 0 0 5
PowerPlay Forward
Center Left Wing Right Wing Time % Phy DF OF
1 Mike Ribeiro Clarke MacArthur Brad Boyes 80 0 0 5
2 Nik Antropov Chris Higgins Jiri Hudler 20 0 0 5
PowerPlay Defense
Defense Defense Time % Phy DF OF
1 Jamie McBain Alex Goligoski 80 0 0 5
2 Ben Lovejoy Jamie McBain 20 0 0 5
Penalty Kill 4 Players Forward
Center Wing Time % Phy DF OF
1 Mike Ribeiro Brad Boyes 60 1 2 2
2 Clarke MacArthur Nik Antropov 40 1 2 2
Penalty Kill 4 Players Defense
Defense Defense Time % Phy DF OF
1 Jamie McBain Ben Lovejoy 60 1 2 2
2 Sami Lepisto Noah Welch 40 1 2 2
Penalty Kill - 3 Players Forward
Forward Time % Phy DF OF
1 Mike Ribeiro 60 1 2 2
2 Brad Boyes 40 1 2 2
Penalty Kill - 3 Players Defense
Defense Defense Time % Phy DF OF
1 Jamie McBain Ben Lovejoy 60 1 2 2
2 Jamie McBain Noah Welch 40 1 2 2
4 vs 4 Forward
Center Wing Time % Phy DF OF
1 Mike Ribeiro Brad Boyes 60 0 0 5
2 Clarke MacArthur Nik Antropov 40 1 2 2
4 vs 4 Defense
Defense Defense Time % Phy DF OF
1 Jamie McBain Alex Goligoski 60 0 0 5
2 Jamie McBain Noah Welch 40 1 2 2
Last Minutes Offensive
Center Left Wing Right Wing Defense Defense
Mike Ribeiro Clarke MacArthur Brad Boyes Alex Goligoski Jamie McBain
Last Minutes Defensive
Center Left Wing Right Wing Defense Defense
Mike Ribeiro Clarke MacArthur Brad Boyes Jamie McBain Alex Goligoski
Goaltenders
Starting : Michal Neuvirth
Backup : Karri Ramo
Extra Forwards
Normal : Matt Stajan, Ryan Hollweg, Clarke MacArthur - PP : Matt Stajan, Ryan Hollweg - PK : Chris Higgins
Extra Defensemen
Normal : Ben Lovejoy, Sami Lepisto, Jamie McBain - PP : Ben Lovejoy - PK : Sami Lepisto, Jamie McBain
Penalty Shots
Mike Ribeiro, Brad Boyes, Clarke MacArthur, Nik Antropov, Jiri Hudler
Scratches
Jordan LaVallee (Healthy), Lasse Kukkonen (Healthy)
% Time on Ice - Avalanche
Lines # - Real PCT - Wanted PCT - Time Play
Normal Forward
1 - 29% - 30% - 13:57
2 - 29% - 30% - 14:00
3 - 24% - 25% - 11:38
4 - 18% - 15% - 8:42
Normal Defense
1 - 38% - 40% - 18:11
2 - 38% - 40% - 18:08
3 - 25% - 20% - 11:58
4 - 0% - 0% - 0:00
PP Forward
1 - 57% - 60% - 1:08
2 - 43% - 40% - 0:51
PP Defense
1 - 67% - 60% - 1:20
2 - 33% - 40% - 0:39
PK Forward
1 - 66% - 60% - 6:25
2 - 34% - 40% - 3:19
PK Defense
1 - 63% - 60% - 6:06
2 - 37% - 40% - 3:38
PK3 Forward
1 - 0% - 60%
2 - 0% - 40%
PK3 Defense
1 - 0% - 60%
2 - 0% - 40%
44 Forward
1 - 0% - 60%
2 - 0% - 40%
44 Defense
1 - 0% - 60%
2 - 0% - 40%
Last Minute Offensive - 0:00
Last Minute Defensive - 0:00
Total
Forward - 60:00
Defense - 60:00
|
% Time on Ice - Canucks
Lines # - Real PCT - Wanted PCT - Time Play
Normal Forward
1 - 39% - 60% - 18:44
2 - 24% - 22% - 11:38
3 - 23% - 14% - 11:02
4 - 14% - 4% - 6:53
Normal Defense
1 - 48% - 62% - 23:16
2 - 29% - 20% - 13:47
3 - 23% - 12% - 11:14
4 - 0% - 6% - 0:00
PP Forward
1 - 53% - 80% - 5:12
2 - 47% - 20% - 4:32
PP Defense
1 - 82% - 80% - 7:59
2 - 18% - 20% - 1:45
PK Forward
1 - 100% - 60% - 1:59
2 - 0% - 40% - 0:00
PK Defense
1 - 72% - 60% - 1:26
2 - 28% - 40% - 0:33
PK3 Forward
1 - 0% - 60%
2 - 0% - 40%
PK3 Defense
1 - 0% - 60%
2 - 0% - 40%
44 Forward
1 - 0% - 60%
2 - 0% - 40%
44 Defense
1 - 0% - 60%
2 - 0% - 40%
Last Minute Offensive - 0:00
Last Minute Defensive - 0:00
Total
Forward - 60:00
Defense - 60:00
|
Play by Play
1st period
0:01 of 1st period - Mike Ribeiro wins face-off versus Bryan Little in neutral zone.
0:17 of 1st period - Wrist shot by Clarke MacArthur.
0:17 of 1st period - Shot Misses the Net.
0:56 of 1st period - Snap shot by Alexander Radulov.
0:56 of 1st period - Shot Misses the Net.
1:40 of 1st period - Slapshot by Alex Goligoski.
1:40 of 1st period - Stopped by Semyon Varlamov without a rebound.
1:41 of 1st period - Paul Stastny wins face-off versus Matt Stajan in Avalanche zone.
2:04 of 1st period - Minor Penalty to Paul Stastny for Roughing.
2:05 of 1st period - Andrew Ladd wins face-off versus Brad Boyes in Avalanche zone.
2:48 of 1st period - Off-side.
2:49 of 1st period - Mike Ribeiro wins face-off versus Chris Drury in neutral zone.
3:01 of 1st period - Pernell Karl Subban is hit by Jamie McBain and loses puck.
3:26 of 1st period - Ryan Smyth is hit by Nik Antropov and loses puck.
4:04 of 1st period - Penalty to Paul Stastny is over, Paul Stastny is back on ice.
4:07 of 1st period - Noah Welch is hit by Ryan Smyth and loses puck.
4:29 of 1st period - Icing by Pernell Karl Subban.
4:30 of 1st period - Bryan Little wins face-off versus Maxim Lapierre in Avalanche zone.
5:33 of 1st period - Snap shot by Mikkel Boedker.
5:33 of 1st period - Stopped by Michal Neuvirth without a rebound.
5:34 of 1st period - Mike Ribeiro wins face-off versus Chris Drury in Canucks zone.
5:51 of 1st period - Wrist shot by Brad Boyes.
5:51 of 1st period - Shot Misses the Net.
6:09 of 1st period - Snap shot by Jiri Hudler.
6:09 of 1st period - Shot Misses the Net.
6:19 of 1st period - Snap shot by Jiri Hudler.
6:19 of 1st period - Shot Blocked by Johnny Boychuk.
6:33 of 1st period - Slapshot by Chuck Kobasew.
6:33 of 1st period - Stopped by Michal Neuvirth without a rebound.
6:34 of 1st period - Mike Ribeiro wins face-off versus Kyle Turris in Canucks zone.
6:41 of 1st period - Slapshot by Jamie McBain.
6:41 of 1st period - Shot Misses the Net.
6:44 of 1st period - Icing by Chuck Kobasew.
6:45 of 1st period - Kyle Turris wins face-off versus Mike Ribeiro in Avalanche zone.
6:56 of 1st period - Slapshot by Jack Johnson.
6:56 of 1st period - Stopped by Michal Neuvirth with a rebound.
7:02 of 1st period - Snap shot by Chuck Kobasew.
7:02 of 1st period - Stopped by Michal Neuvirth without a rebound.
7:03 of 1st period - Mike Ribeiro wins face-off versus Chris Drury in Canucks zone.
7:17 of 1st period - Wrist shot by Andrew Ladd.
7:17 of 1st period - Stopped by Michal Neuvirth without a rebound.
7:18 of 1st period - Paul Stastny wins face-off versus Mike Ribeiro in Canucks zone.
7:21 of 1st period - Wrist shot by Paul Stastny.
7:21 of 1st period - Stopped by Michal Neuvirth without a rebound.
7:22 of 1st period - Mike Ribeiro wins face-off versus Paul Stastny in Canucks zone.
8:41 of 1st period - Snap shot by Maxim Lapierre.
8:41 of 1st period - Shot Misses the Net.
8:47 of 1st period - Slapshot by Ryan Hollweg.
8:47 of 1st period - Shot Misses the Net.
8:54 of 1st period - Icing by Andrew Ladd.
8:55 of 1st period - Nik Antropov wins face-off versus Paul Stastny in Avalanche zone.
9:07 of 1st period - Snap shot by Stefan Ruzicka.
9:07 of 1st period - Stopped by Semyon Varlamov with a rebound.
9:09 of 1st period - Slapshot by Sami Lepisto.
9:09 of 1st period - Stopped by Semyon Varlamov with a rebound.
10:06 of 1st period - Wrist shot by Martins Karsums.
10:06 of 1st period - Stopped by Semyon Varlamov without a rebound.
10:07 of 1st period - Paul Stastny wins face-off versus Ryan Hollweg in Avalanche zone.
10:24 of 1st period - Maxim Lapierre is hit by Pernell Karl Subban and loses puck.
10:31 of 1st period - Brandon Yip is hit by Ryan Hollweg and loses puck.
10:40 of 1st period - Slapshot by Pernell Karl Subban.
10:40 of 1st period - Shot Blocked by Alex Goligoski.
10:48 of 1st period - Slapshot by Jamie McBain.
10:48 of 1st period - Stopped by Semyon Varlamov without a rebound.
10:49 of 1st period - Chris Drury wins face-off versus Mike Ribeiro in Avalanche zone.
11:04 of 1st period - Off-side.
11:05 of 1st period - Brad Boyes wins face-off versus Corey Perry in neutral zone.
11:37 of 1st period - Wrist shot by Alex Goligoski.
11:37 of 1st period - Stopped by Semyon Varlamov without a rebound.
11:38 of 1st period - Chris Drury wins face-off versus Matt Stajan in Avalanche zone.
11:43 of 1st period - Wrist shot by Alexander Radulov.
11:43 of 1st period - Shot Misses the Net.
11:45 of 1st period - Slapshot by Mark Giordano.
11:45 of 1st period - Shot Blocked by Sami Lepisto.
11:47 of 1st period - Snap shot by Alexander Radulov.
11:47 of 1st period - Shot Misses the Net.
11:49 of 1st period - Slapshot by Johnny Boychuk.
11:49 of 1st period - Stopped by Michal Neuvirth with a rebound.
11:51 of 1st period - Slapshot by Johnny Boychuk.
11:51 of 1st period - Stopped by Michal Neuvirth without a rebound.
11:52 of 1st period - Bryan Little wins face-off versus Mike Ribeiro in Canucks zone.
12:15 of 1st period - Minor Penalty to Corey Perry for Tripping.
12:16 of 1st period - Mike Ribeiro wins face-off versus Chuck Kobasew in Avalanche zone.
12:21 of 1st period - Slapshot by Jamie McBain.
12:21 of 1st period - Shot Blocked by Chuck Kobasew.
12:43 of 1st period - Slapshot by Jamie McBain.
12:43 of 1st period - Stopped by Semyon Varlamov without a rebound.
12:44 of 1st period - Nik Antropov wins face-off versus Andrew Ladd in Avalanche zone.
12:47 of 1st period - Wrist shot by Jiri Hudler.
12:47 of 1st period - Shot Blocked by Johnny Boychuk.
12:49 of 1st period - Snap shot by Alex Goligoski.
12:49 of 1st period - Stopped by Semyon Varlamov without a rebound.
12:50 of 1st period - Nik Antropov wins face-off versus Andrew Ladd in Avalanche zone.
13:03 of 1st period - Slapshot by Jamie McBain.
13:03 of 1st period - Stopped by Semyon Varlamov with a rebound.
13:05 of 1st period - Snap shot by Jiri Hudler.
13:05 of 1st period - Deflect By Chris Higgins.
13:05 of 1st period - Stopped by Semyon Varlamov with a rebound.
13:07 of 1st period - Slapshot by Alex Goligoski.
13:07 of 1st period - Stopped by Semyon Varlamov with a rebound.
13:09 of 1st period - Slapshot by Jamie McBain.
13:09 of 1st period - Stopped by Semyon Varlamov without a rebound.
13:10 of 1st period - Andrew Ladd wins face-off versus Mike Ribeiro in Avalanche zone.
14:15 of 1st period - Penalty to Corey Perry is over, Corey Perry is back on ice.
14:19 of 1st period - Snap shot by Maxim Lapierre.
14:19 of 1st period - Stopped by Semyon Varlamov without a rebound.
14:20 of 1st period - Paul Stastny wins face-off versus Maxim Lapierre in Avalanche zone.
14:27 of 1st period - Snap shot by Brandon Yip.
14:27 of 1st period - Shot Misses the Net.
14:29 of 1st period - Slapshot by Mark Giordano.
14:29 of 1st period - Shot Misses the Net.
14:31 of 1st period - Slapshot by Johnny Boychuk.
14:31 of 1st period - Shot Misses the Net.
14:37 of 1st period - Snap shot by Paul Stastny.
14:37 of 1st period - Stopped by Michal Neuvirth with a rebound.
14:47 of 1st period - Martins Karsums is hit by Corey Perry and loses puck.
15:12 of 1st period - Wrist shot by Clarke MacArthur.
15:12 of 1st period - Shot Misses the Net.
15:14 of 1st period - Snap shot by Brad Boyes.
15:14 of 1st period - Goal by Brad Boyes - Avalanche : 0 - Canucks : 1.
15:15 of 1st period - Mike Ribeiro wins face-off versus Chris Drury in neutral zone.
15:28 of 1st period - Slapshot by Andrew Ladd.
15:28 of 1st period - Stopped by Michal Neuvirth without a rebound.
15:29 of 1st period - Mike Ribeiro wins face-off versus Paul Stastny in Canucks zone.
15:29 of 1st period - Mike Ribeiro is hit by Andrei Kostitsyn.
15:51 of 1st period - Minor Penalty to Andrei Kostitsyn for Holding.
15:52 of 1st period - Clarke MacArthur wins face-off versus Andrew Ladd in Avalanche zone.
15:59 of 1st period - Snap shot by Mike Ribeiro.
15:59 of 1st period - Goal by Mike Ribeiro - Avalanche : 0 - Canucks : 2.
16:00 of 1st period - Bryan Little wins face-off versus Mike Ribeiro in neutral zone.
16:11 of 1st period - Slapshot by Corey Perry.
16:11 of 1st period - Stopped by Michal Neuvirth without a rebound.
16:12 of 1st period - Chris Drury wins face-off versus Mike Ribeiro in Canucks zone.
16:15 of 1st period - Snap shot by Chris Drury.
16:15 of 1st period - Stopped by Michal Neuvirth without a rebound.
16:16 of 1st period - Mike Ribeiro wins face-off versus Chris Drury in Canucks zone.
16:24 of 1st period - Off-side.
16:25 of 1st period - Mike Ribeiro wins face-off versus Kyle Turris in neutral zone.
16:35 of 1st period - Slapshot by Clarke MacArthur.
16:35 of 1st period - Shot Misses the Net.
16:37 of 1st period - Snap shot by Mike Ribeiro.
16:37 of 1st period - Deflect By Clarke MacArthur.
16:37 of 1st period - Stopped by Semyon Varlamov with a rebound.
16:39 of 1st period - Wrist shot by Mike Ribeiro.
16:39 of 1st period - Shot Blocked by Marc Staal.
16:41 of 1st period - Slapshot by Alex Goligoski.
16:41 of 1st period - Deflect By Mike Ribeiro.
16:41 of 1st period - Stopped by Semyon Varlamov without a rebound.
16:42 of 1st period - Bryan Little wins face-off versus Mike Ribeiro in Avalanche zone.
16:49 of 1st period - Jay Bouwmeester is hit by Clarke MacArthur.
17:16 of 1st period - Jamie McBain is hit by Pernell Karl Subban and loses puck.
17:31 of 1st period - Andrew Ladd is hit by Stefan Ruzicka and loses puck.
18:00 of 1st period - Slapshot by Marc Staal.
18:00 of 1st period - Stopped by Michal Neuvirth without a rebound.
18:01 of 1st period - Mike Ribeiro wins face-off versus Mikkel Boedker in Canucks zone.
18:27 of 1st period - Jiri Hudler is hit by Brandon Yip and loses puck.
18:38 of 1st period - Wrist shot by Paul Stastny.
18:38 of 1st period - Shot Blocked by Ben Lovejoy.
18:54 of 1st period - Wrist shot by Andrew Ladd.
18:54 of 1st period - Shot Misses the Net.
18:58 of 1st period - Wrist shot by Alexander Radulov.
18:58 of 1st period - Stopped by Michal Neuvirth without a rebound.
18:59 of 1st period - Bryan Little wins face-off versus Mike Ribeiro in Canucks zone.
19:31 of 1st period - Slapshot by Jay Bouwmeester.
19:31 of 1st period - Deflect By Andrew Ladd.
19:31 of 1st period - Shot Misses the Net.
19:31 of 1st period - Puck is out of play.
19:32 of 1st period - Mike Ribeiro wins face-off versus Paul Stastny in Canucks zone.
19:41 of 1st period - Wrist shot by Andrei Kostitsyn.
19:41 of 1st period - Stopped by Michal Neuvirth without a rebound.
19:42 of 1st period - Mike Ribeiro wins face-off versus Paul Stastny in Canucks zone.
19:42 of 1st period - Mike Ribeiro is hit by Jack Johnson.
Goals for this period are 0 for Avalanche vs 2 for Canucks.
Shots for this period are 15 for Avalanche vs 17 for Canucks.
2nd period
0:01 of 2nd period - Mike Ribeiro wins face-off versus Chris Drury in neutral zone.
0:07 of 2nd period - Icing by Jay Bouwmeester.
0:08 of 2nd period - Chris Drury wins face-off versus Brad Boyes in Avalanche zone.
0:08 of 2nd period - Chris Drury is hit by Mike Ribeiro.
0:22 of 2nd period - Wrist shot by Andrew Ladd.
0:22 of 2nd period - Goal by Andrew Ladd - Avalanche : 1 - Canucks : 2.
0:23 of 2nd period - Mike Ribeiro wins face-off versus Bryan Little in neutral zone.
0:40 of 2nd period - Wrist shot by Clarke MacArthur.
0:40 of 2nd period - Shot Misses the Net.
0:42 of 2nd period - Minor Penalty to Bryan Little for Boarding.
0:43 of 2nd period - Mike Ribeiro wins face-off versus Andrew Ladd in Avalanche zone.
0:48 of 2nd period - Slapshot by Clarke MacArthur.
0:48 of 2nd period - Stopped by Semyon Varlamov without a rebound.
0:49 of 2nd period - Chuck Kobasew wins face-off versus Brad Boyes in Avalanche zone.
1:22 of 2nd period - Slapshot by Chris Drury.
1:22 of 2nd period - Stopped by Michal Neuvirth without a rebound.
1:23 of 2nd period - Mike Ribeiro wins face-off versus Chris Drury in Canucks zone.
1:39 of 2nd period - Ryan Smyth is hit by Alex Goligoski and loses puck.
1:54 of 2nd period - Jiri Hudler is hit by Marc Staal and loses puck.
2:23 of 2nd period - Snap shot by Chris Higgins.
2:23 of 2nd period - Stopped by Semyon Varlamov with a rebound.
2:42 of 2nd period - Penalty to Bryan Little is over, Bryan Little is back on ice.
2:49 of 2nd period - Slapshot by Chris Drury.
2:49 of 2nd period - Shot Blocked by Nik Antropov.
2:51 of 2nd period - Wrist shot by Chris Drury.
2:51 of 2nd period - Stopped by Michal Neuvirth without a rebound.
2:52 of 2nd period - Mike Ribeiro wins face-off versus Bryan Little in Canucks zone.
3:24 of 2nd period - Snap shot by Brandon Yip.
3:24 of 2nd period - Shot Misses the Net.
3:26 of 2nd period - Snap shot by Brandon Yip.
3:26 of 2nd period - Stopped by Michal Neuvirth without a rebound.
3:27 of 2nd period - Mike Ribeiro wins face-off versus Kyle Turris in Canucks zone.
3:55 of 2nd period - Wrist shot by Chris Drury.
3:55 of 2nd period - Shot Misses the Net.
4:03 of 2nd period - Wrist shot by Alexander Radulov.
4:03 of 2nd period - Shot Blocked by Sami Lepisto.
4:05 of 2nd period - Slapshot by Alexander Radulov.
4:05 of 2nd period - Shot Blocked by Maxim Lapierre.
4:19 of 2nd period - Jack Johnson is hit by Darren Helm and loses puck.
6:22 of 2nd period - Minor Penalty to Kyle Turris for Holding.
6:23 of 2nd period - Andrew Ladd wins face-off versus Mike Ribeiro in Avalanche zone.
7:48 of 2nd period - Alex Goligoski is hit by Johnny Boychuk.
7:51 of 2nd period - Icing by Clarke MacArthur.
7:52 of 2nd period - Chris Drury wins face-off versus Brad Boyes in Canucks zone.
7:53 of 2nd period - Slapshot by Marc Staal.
7:53 of 2nd period - Stopped by Michal Neuvirth with a rebound.
8:22 of 2nd period - Penalty to Kyle Turris is over, Kyle Turris is back on ice.
8:32 of 2nd period - Wrist shot by Maxim Lapierre.
8:32 of 2nd period - Stopped by Semyon Varlamov with a rebound.
9:02 of 2nd period - Snap shot by Andrew Ladd.
9:02 of 2nd period - Shot Misses the Net.
9:20 of 2nd period - Slapshot by Jonathan Blum.
9:20 of 2nd period - Stopped by Semyon Varlamov with a rebound.
9:24 of 2nd period - Wrist shot by Stefan Ruzicka.
9:24 of 2nd period - Stopped by Semyon Varlamov with a rebound.
9:28 of 2nd period - Slapshot by Nik Antropov.
9:28 of 2nd period - Shot Misses the Net.
9:30 of 2nd period - Slapshot by Noah Welch.
9:30 of 2nd period - Deflect By Nik Antropov.
9:30 of 2nd period - Stopped by Semyon Varlamov without a rebound.
9:31 of 2nd period - Mike Ribeiro wins face-off versus Paul Stastny in Avalanche zone.
9:48 of 2nd period - Snap shot by Paul Stastny.
9:48 of 2nd period - Stopped by Michal Neuvirth with a rebound.
9:50 of 2nd period - Minor Penalty to Brad Boyes for Roughing.
9:51 of 2nd period - Mike Ribeiro wins face-off versus Bryan Little in Canucks zone.
10:09 of 2nd period - Off-side.
10:10 of 2nd period - Mike Ribeiro wins face-off versus Paul Stastny in neutral zone.
10:15 of 2nd period - Snap shot by Ben Lovejoy.
10:15 of 2nd period - Deflect By Alexander Radulov.
10:15 of 2nd period - Stopped by Semyon Varlamov with a rebound.
10:33 of 2nd period - Mike Ribeiro is hit by Bryan Little and loses puck.
10:52 of 2nd period - Wrist shot by Paul Stastny.
10:52 of 2nd period - Deflect By Alexander Radulov.
10:52 of 2nd period - Stopped by Michal Neuvirth with a rebound.
10:54 of 2nd period - Snap shot by Paul Stastny.
10:54 of 2nd period - Shot Blocked by Jamie McBain.
11:50 of 2nd period - Penalty to Brad Boyes is over, Brad Boyes is back on ice.
12:04 of 2nd period - Maxim Lapierre is hit by Pernell Karl Subban and loses puck.
13:08 of 2nd period - Johnny Boychuk is hit by Ryan Hollweg and loses puck.
13:44 of 2nd period - Slapshot by Jack Johnson.
13:44 of 2nd period - Stopped by Michal Neuvirth without a rebound.
13:45 of 2nd period - Paul Stastny wins face-off versus Matt Stajan in Canucks zone.
13:48 of 2nd period - Snap shot by Brandon Yip.
13:48 of 2nd period - Deflect By Matt Stajan.
13:48 of 2nd period - Shot Misses the Net.
13:48 of 2nd period - Puck is out of play.
13:49 of 2nd period - Matt Stajan wins face-off versus Paul Stastny in Canucks zone.
13:58 of 2nd period - Off-side.
13:59 of 2nd period - Mike Ribeiro wins face-off versus Paul Stastny in neutral zone.
14:30 of 2nd period - Slapshot by Alexander Radulov.
14:30 of 2nd period - Shot Blocked by Ben Lovejoy.
14:32 of 2nd period - Wrist shot by Andrew Ladd.
14:32 of 2nd period - Shot Misses the Net.
14:56 of 2nd period - Snap shot by Ryan Hollweg.
14:56 of 2nd period - Stopped by Semyon Varlamov without a rebound.
14:57 of 2nd period - Clarke MacArthur wins face-off versus Paul Stastny in Avalanche zone.
15:18 of 2nd period - Alex Goligoski is hit by Jack Johnson and loses puck.
15:33 of 2nd period - Wrist shot by Mike Ribeiro.
15:33 of 2nd period - Stopped by Semyon Varlamov with a rebound.
15:50 of 2nd period - Jack Johnson is hit by Brad Boyes.
16:02 of 2nd period - Wrist shot by Andrei Kostitsyn.
16:02 of 2nd period - Shot Blocked by Alex Goligoski.
16:43 of 2nd period - Snap shot by Paul Stastny.
16:43 of 2nd period - Stopped by Michal Neuvirth with a rebound.
17:05 of 2nd period - Slapshot by Clarke MacArthur.
17:05 of 2nd period - Stopped by Semyon Varlamov without a rebound.
17:06 of 2nd period - Chris Drury wins face-off versus Matt Stajan in Avalanche zone.
17:17 of 2nd period - Snap shot by Chris Higgins.
17:17 of 2nd period - Stopped by Semyon Varlamov without a rebound.
17:18 of 2nd period - Matt Stajan wins face-off versus Bryan Little in Avalanche zone.
17:49 of 2nd period - Icing by Johnny Boychuk.
17:50 of 2nd period - Maxim Lapierre wins face-off versus Chris Drury in Avalanche zone.
17:58 of 2nd period - Off-side.
17:59 of 2nd period - Matt Stajan wins face-off versus Bryan Little in neutral zone.
18:16 of 2nd period - Wrist shot by Chris Higgins.
18:16 of 2nd period - Shot Blocked by Jay Bouwmeester.
Goals for this period are 1 for Avalanche vs 0 for Canucks.
Shots for this period are 9 for Avalanche vs 11 for Canucks.
3rd period
0:01 of 3rd period - Chris Drury wins face-off versus Mike Ribeiro in neutral zone.
0:03 of 3rd period - Off-side.
0:04 of 3rd period - Mike Ribeiro wins face-off versus Chris Drury in neutral zone.
0:12 of 3rd period - Off-side.
0:13 of 3rd period - Bryan Little wins face-off versus Mike Ribeiro in neutral zone.
0:20 of 3rd period - Slapshot by Mikkel Boedker.
0:20 of 3rd period - Shot Blocked by Mike Ribeiro.
0:22 of 3rd period - Slapshot by Bryan Little.
0:22 of 3rd period - Stopped by Michal Neuvirth without a rebound.
0:23 of 3rd period - Mike Ribeiro wins face-off versus Corey Perry in Canucks zone.
0:46 of 3rd period - Slapshot by Jay Bouwmeester.
0:46 of 3rd period - Deflect By Corey Perry.
0:46 of 3rd period - Stopped by Michal Neuvirth without a rebound.
0:47 of 3rd period - Matt Stajan wins face-off versus Andrew Ladd in Canucks zone.
1:00 of 3rd period - Chris Higgins is hit by Marc Staal and loses puck.
1:13 of 3rd period - Alex Goligoski is hit by Ryan Smyth and loses puck.
1:42 of 3rd period - Snap shot by Matt Stajan.
1:42 of 3rd period - Stopped by Semyon Varlamov with a rebound.
1:50 of 3rd period - Snap shot by Chris Higgins.
1:50 of 3rd period - Stopped by Semyon Varlamov with a rebound.
2:59 of 3rd period - Slapshot by Matt Stajan.
2:59 of 3rd period - Stopped by Semyon Varlamov without a rebound.
3:00 of 3rd period - Mike Ribeiro wins face-off versus Bryan Little in Avalanche zone.
3:11 of 3rd period - Wrist shot by Clarke MacArthur.
3:11 of 3rd period - Stopped by Semyon Varlamov without a rebound.
3:12 of 3rd period - Chris Drury wins face-off versus Clarke MacArthur in Avalanche zone.
4:20 of 3rd period - Chris Drury is hit by Mike Ribeiro and loses puck.
5:50 of 3rd period - Slapshot by Chris Drury.
5:50 of 3rd period - Stopped by Michal Neuvirth with a rebound.
6:55 of 3rd period - Icing by Chuck Kobasew.
6:56 of 3rd period - Kyle Turris wins face-off versus Mike Ribeiro in Avalanche zone.
7:13 of 3rd period - Andrew Ladd is hit by Maxim Lapierre and loses puck.
7:20 of 3rd period - Jamie McBain is hit by Andrew Ladd and loses puck.
8:13 of 3rd period - Slapshot by Mikkel Boedker.
8:13 of 3rd period - Stopped by Michal Neuvirth without a rebound.
8:14 of 3rd period - Mike Ribeiro wins face-off versus Paul Stastny in Canucks zone.
8:14 of 3rd period - Mike Ribeiro is hit by Jack Johnson.
8:40 of 3rd period - Alexander Radulov is hit by Jiri Hudler and loses puck.
9:52 of 3rd period - Alexander Radulov is hit by Ben Lovejoy.
10:26 of 3rd period - Snap shot by Kyle Turris.
10:26 of 3rd period - Deflect By Paul Stastny.
10:26 of 3rd period - Stopped by Michal Neuvirth without a rebound.
10:27 of 3rd period - Clarke MacArthur wins face-off versus Paul Stastny in Canucks zone.
11:14 of 3rd period - Icing by Ryan Hollweg.
11:15 of 3rd period - Maxim Lapierre wins face-off versus Kyle Turris in Canucks zone.
11:40 of 3rd period - Jonathan Blum is hit by Brandon Yip and loses puck.
13:15 of 3rd period - Wrist shot by Stefan Ruzicka.
13:15 of 3rd period - Shot Blocked by Johnny Boychuk.
13:27 of 3rd period - Snap shot by Alexander Radulov.
13:27 of 3rd period - Stopped by Michal Neuvirth with a rebound.
13:29 of 3rd period - Wrist shot by Chris Drury.
13:29 of 3rd period - Shot Blocked by Noah Welch.
13:29 of 3rd period - Noah Welch from Canucks is injured at 13:29 of 3rd period (Sprained Left Knee).
13:30 of 3rd period - Mike Ribeiro wins face-off versus Paul Stastny in Canucks zone.
15:02 of 3rd period - Slapshot by Ben Lovejoy.
15:02 of 3rd period - Shot Blocked by Marc Staal.
15:08 of 3rd period - Snap shot by Matt Stajan.
15:08 of 3rd period - Stopped by Semyon Varlamov with a rebound.
15:10 of 3rd period - Slapshot by Jonathan Blum.
15:10 of 3rd period - Shot Misses the Net.
15:40 of 3rd period - Mikkel Boedker is hit by Jamie McBain and loses puck.
16:03 of 3rd period - Mark Giordano is hit by Chris Higgins.
17:49 of 3rd period - Slapshot by Paul Stastny.
17:49 of 3rd period - Stopped by Michal Neuvirth without a rebound.
17:50 of 3rd period - Paul Stastny wins face-off versus Brad Boyes in Canucks zone.
17:55 of 3rd period - Wrist shot by Andrei Kostitsyn.
17:55 of 3rd period - Deflect By Paul Stastny.
17:55 of 3rd period - Shot Misses the Net.
17:55 of 3rd period - Puck is out of play.
17:56 of 3rd period - Chris Drury wins face-off versus Clarke MacArthur in Canucks zone.
18:03 of 3rd period - Snap shot by Chris Drury.
18:03 of 3rd period - Shot Misses the Net.
18:05 of 3rd period - Slapshot by Pernell Karl Subban.
18:05 of 3rd period - Shot Blocked by Jamie McBain.
18:07 of 3rd period - Wrist shot by Jay Bouwmeester.
18:07 of 3rd period - Avalanche goal is going for a video replay.
18:07 of 3rd period - The goal is refused. The attacking player has interfered with a goalkeeper in his goal crease..
18:08 of 3rd period - Mike Ribeiro wins face-off versus Chris Drury in Canucks zone.
18:08 of 3rd period - Mike Ribeiro is hit by Jack Johnson.
18:16 of 3rd period - Wrist shot by Clarke MacArthur.
18:16 of 3rd period - Stopped by Semyon Varlamov without a rebound.
18:17 of 3rd period - Chris Drury wins face-off versus Mike Ribeiro in Avalanche zone.
18:19 of 3rd period - Minor Penalty to Chris Drury for Holding.
18:20 of 3rd period - Andrew Ladd wins face-off versus Clarke MacArthur in Avalanche zone.
18:32 of 3rd period - Slapshot by Alex Goligoski.
18:32 of 3rd period - Stopped by Semyon Varlamov without a rebound.
18:33 of 3rd period - Mike Ribeiro wins face-off versus Andrew Ladd in Avalanche zone.
18:50 of 3rd period - Wrist shot by Brad Boyes.
18:50 of 3rd period - Shot Misses the Net.
19:12 of 3rd period - Johnny Boychuk is hit by Jiri Hudler.
Goals for this period are 0 for Avalanche vs 0 for Canucks.
Shots for this period are 8 for Avalanche vs 7 for Canucks.
Back to the Top